WCHLSIM.com - West Coast Hockey League
html PUBLIC "-//W3C//DTD XHTML 1.0 Transitional//EN" "http://www.w3.org/TR/xhtml1/DTD/xhtml1-transitional.dtd"> WCHL - Game 562 - SAN JOSE BRONCOS vs VANCOUVER VOODOO

SAN JOSE BRONCOS vs VANCOUVER VOODOO

Created - 3 janvier 2020 at 10:41

Goals
1 2 3 T
SAN JOSE BRONCOS 0 1 2 3
VANCOUVER VOODOO 0 0 0 0
Shots
1 2 3 T
SAN JOSE BRONCOS 3 8 6 17
VANCOUVER VOODOO 7 11 4 22

1st period

No Goal

Penalties :
Marco Scandella (SJO) for Slashing (Minor) at 8:14, Brady Skjei (SJO) for Holding (Minor) at 17:49

2nd period

1. SAN JOSE BRONCOS , Alexander Radulov 18 (Evgeni Malkin 21, Zach Parise 21) at 14:43 (PP)

Penalties :
Jay Bouwmeester (VAN) for Hooking (Minor) at 3:50, Devin Shore (VAN) for Hooking (Minor) at 14:23, Jaccob Slavin (SJO) for Holding (Minor) at 18:31

3rd period

2. SAN JOSE BRONCOS , Anthony Beauvillier 2 (Colton Sissons 7, Nick Bonino 4) at 0:52
3. SAN JOSE BRONCOS , Zach Parise 16 (Jordan Weal 4) at 11:35

Penalties :
Nick Holden (SJO) for High sticking (Minor) at 5:25, Leo Komarov (VAN) for Roughing (Minor) at 12:37

Goalie Stats

Petr Mrazek (SJO), 22 saves from 22 shots - (1,000), W, 1-2-0, 60:00 minutes
Carey Price (VAN), 14 saves from 17 shots - (0,824), L, 17-11-6, 60:00 minutes

Players Stats for SAN JOSE BRONCOS

Player Name              G  A  P  +/- PIM S  H  SB GA TA FO     MP     PP MP  PK MP  
------------------------------------------------------------------------------------
Adam Pelech              0  0  0   1  0   0  2  1  0  0  0/0    22:44   2:11   4:44 
Alexander Radulov        1  0  1   0  0   1  1  1  0  0  0/0    17:23   2:27   0:00 
Anthony Beauvillier      1  0  1   1  0   2  3  0  0  0  0/0    12:42   0:16   0:24 
Brady Skjei              0  0  0   0  2   0  3  0  0  0  0/0    22:39   3:23   3:04 
Brett Kulak              0  0  0   1  0   0  0  1  0  0  0/0    18:14   0:50   2:04 
Carter Rowney            0  0  0   0  0   0  0  0  0  0  0/3     7:05   0:21   0:56 
Colton Sissons           0  1  1   1  0   1  2  0  0  0  0/0    12:02   0:00   0:00 
Dustin Brown             0  0  0   0  0   3  1  1  0  0  0/2    17:57   2:32   0:29 
Evgeni Malkin            0  1  1   0  0   4  1  0  0  0  8/18   19:02   3:13   0:53 
Jaccob Slavin            0  0  0   1  2   1  1  0  0  0  0/0    22:21   2:12   2:39 
Jesper Bratt             0  0  0   0  0   0  0  0  0  0  0/3     5:48   0:00   0:00 
Jordan Weal              0  1  1   1  0   0  0  2  0  0  2/5    13:52   0:00   2:25 
Marco Scandella          0  0  0   1  2   0  2  2  0  0  0/0    18:53   0:00   3:05 
Mikko Koivu              0  0  0   0  0   1  0  0  0  0  12/15  14:02   0:49   3:42 
Nick Bonino              0  1  1   1  0   1  0  0  0  0  9/15   14:27   0:00   2:25 
Nick Holden              0  0  0   0  2   0  0  1  0  0  0/0    14:45   0:00   0:16 
Oliver Bjorkstrand       0  0  0   1  0   0  1  0  0  0  0/1    16:46   1:46   0:00 
Zach Parise              1  1  2   1  0   3  0  0  0  0  0/0    21:18   1:30   4:38 

Players Stats for VANCOUVER VOODOO

Player Name              G  A  P  +/- PIM S  H  SB GA TA FO     MP     PP MP  PK MP  
------------------------------------------------------------------------------------
Andrew Shaw              0  0  0   0  0   2  1  0  0  0  1/1    15:27   2:21   1:49 
Anze Kopitar             0  0  0   0  0   3  1  0  0  0  13/18  17:13   4:03   1:59 
Bryan Little             0  0  0  -1  0   3  2  0  0  0  6/17   18:50   3:26   0:40 
Cam Atkinson             0  0  0   0  0   3  1  0  0  0  0/1    23:30   3:53   0:00 
Carter Verhaeghe         0  0  0   0  0   0  0  0  0  0  3/6     8:26   0:00   0:00 
Christian Wolanin        0  0  0   0  0   0  2  0  0  0  0/0     5:58   1:59   0:00 
Danny DeKeyser           0  0  0  -1  0   0  1  0  0  0  0/0    17:24   0:00   1:32 
Devin Shore              0  0  0  -1  2   2  0  0  0  0  1/2    20:13   3:37   1:53 
Jack Johnson             0  0  0   0  0   0  1  1  0  0  0/0    16:50   1:10   2:46 
Jay Bouwmeester          0  0  0  -1  2   0  3  1  0  0  0/0    16:58   0:49   1:09 
Joel Eriksson Ek         0  0  0  -1  0   0  0  0  0  0  7/14   14:17   0:52   0:00 
Leo Komarov              0  0  0  -1  2   2  0  0  0  0  0/2    15:38   0:26   1:39 
Mathew Dumba             0  0  0   0  0   0  1  2  0  0  0/0    22:28   3:58   1:37 
Michael Matheson         0  0  0  -1  0   1  2  2  0  0  0/0    19:21   2:48   1:32 
Noel Acciari             0  0  0   0  0   1  0  0  0  0  0/0     8:26   0:00   0:00 
Rocco Grimaldi           0  0  0  -1  0   3  1  0  0  0  0/1    15:18   1:17   0:36 
Shea Theodore            0  0  0  -1  0   1  1  1  0  0  0/0    21:00   5:08   0:00 
Tyson Jost               0  0  0  -1  0   1  2  0  0  0  0/0    18:22   3:53   0:00 

3 Stars

1 - Petr Mrazek (SJO)
2 - Zach Parise (SJO)
3 - Anthony Beauvillier (SJO)

Power Play

SAN JOSE BRONCOS - 1 on 3 Attempt(s) - 33,33%
VANCOUVER VOODOO - 0 on 4 Attempt(s) - 0,00%

Penalty Kill

SAN JOSE BRONCOS - 4 on 4 Attempt(s) - 100,00% - Score 0 goal in Penalty Kill
VANCOUVER VOODOO - 2 on 3 Attempt(s) - 66,67% - Score 0 goal in Penalty Kill

Team Stat

SAN JOSE BRONCOS - Hits : 17 - Faceoff Wins : 31 - Blocked Shots : 9 - Penalty Minutes : 8
VANCOUVER VOODOO - Hits : 19 - Faceoff Wins : 31 - Blocked Shots : 7 - Penalty Minutes : 6

Official

Referees : Mike Hasenfratz and Fred LeBlanc
Linesman : Jared Waitt and Mark Shewchyk

Game Notes

Mikko Koivu is injured at 1:22 of 3rd period (Bruised Right Shoulder)
Andrew Shaw is injured at 3:59 of 3rd period (Bruised Left Leg)

Finance

Level 1 -- Attendance: 7200 (100,00%) -- Ticket Income 849 600 $
Level 2 -- Attendance: 5500 (100,00%) -- Ticket Income 462 000 $
Level 3 -- Attendance: 3000 (100,00%) -- Ticket Income 144 000 $
Level 4 -- Attendance: 6000 (100,00%) -- Ticket Income 150 000 $
Luxury Box -- Attendance: 977 (97,70%) -- Ticket Income 254 020 $
Total Attendance: 22677 (99,90%)
Total Ticket Income: 1 859 620 $
Other Income: 557 886 $
Total Income: 2 417 506 $

SAN JOSE BRONCOS

5 vs 5 Forward 
   Center                   Left Wing                Right Wing               Time % Phy DF OF 
 1 Evgeni Malkin            Dustin Brown             Alexander Radulov        37     1   2  2  
 2 Mikko Koivu              Oliver Bjorkstrand       Zach Parise              32     1   2  2  
 3 Nick Bonino              Anthony Beauvillier      Colton Sissons           21     1   2  2  
 4 Jesper Bratt             Jordan Weal              Carter Rowney            10     1   2  2  

5 vs 5 Defense 
   Defense                  Defense                                           Time % Phy DF OF 
 1 Jaccob Slavin            Brady Skjei                                       39     1   2  2  
 2 Adam Pelech              Marco Scandella                                   36     1   2  2  
 3 Brett Kulak              Nick Holden                                       25     1   2  2  
 4 Jaccob Slavin            Brett Kulak                                       0      1   2  2  

PowerPlay Forward 
   Center                   Left Wing                Right Wing               Time % Phy DF OF 
 1 Evgeni Malkin            Zach Parise              Alexander Radulov        55     1   2  2  
 2 Mikko Koivu              Dustin Brown             Oliver Bjorkstrand       45     1   2  2  

PowerPlay Defense
   Defense                  Defense                                           Time % Phy DF OF 
 1 Adam Pelech              Brady Skjei                                       55     1   2  2  
 2 Jaccob Slavin            Brady Skjei                                       45     1   2  2  

Penalty Kill 4 Players Forward 
   Center                   Wing                     Time % Phy DF OF 
 1 Mikko Koivu              Zach Parise              55     1   2  2  
 2 Nick Bonino              Jordan Weal              45     1   2  2  

Penalty Kill 4 Players Defense
   Defense                  Defense                  Time % Phy DF OF 
 1 Adam Pelech              Marco Scandella          55     1   2  2  
 2 Jaccob Slavin            Brady Skjei              45     1   2  2  

Penalty Kill - 3 Players Forward 
   Forward                                           Time % Phy DF OF 
 1 Mikko Koivu                                       55     1   2  2  
 2 Alexander Radulov                                 45     1   2  2  

Penalty Kill - 3 Players Defense
   Defense                  Defense                  Time % Phy DF OF 
 1 Jaccob Slavin            Brady Skjei              50     1   2  2  
 2 Brett Kulak              Adam Pelech              50     1   2  2  

4 vs 4 Forward 
   Center                   Wing                     Time % Phy DF OF 
 1 Nick Bonino              Zach Parise              50     1   2  2  
 2 Mikko Koivu              Oliver Bjorkstrand       50     1   2  2  

4 vs 4 Defense
   Defense                  Defense                  Time % Phy DF OF 
 1 Brady Skjei              Marco Scandella          50     1   2  2  
 2 Brett Kulak              Adam Pelech              50     1   2  2  

Last Minutes Offensive
   Center                   Left Wing                Right Wing               Defense                  Defense                  
   Evgeni Malkin            Zach Parise              Alexander Radulov        Brady Skjei              Jaccob Slavin            

Last Minutes Defensive
   Center                   Left Wing                Right Wing               Defense                  Defense                  
   Mikko Koivu              Zach Parise              Alexander Radulov        Brady Skjei              Jaccob Slavin            

Goaltenders
Starting : Petr Mrazek              
Backup : Jacob Markstrom          

Extra Forwards
Normal : Jordan Weal, Oliver Bjorkstrand, Zach Parise - PP : Oliver Bjorkstrand, Mikko Koivu - PK : Carter Rowney
Extra Defensemen
Normal : Adam Pelech, Brett Kulak, Brady Skjei - PP : Adam Pelech - PK : Brady Skjei, Jaccob Slavin
Penalty Shots
Evgeni Malkin, Alexander Radulov, Zach Parise, Dustin Brown, Oliver Bjorkstrand
Custom OT Lines Forwards
Evgeni Malkin, Alexander Radulov, Mikko Koivu, Zach Parise, Nick Bonino, Dustin Brown, Colton Sissons, Oliver Bjorkstrand, Jordan Weal, Anthony Beauvillier
Custom OT Lines Defensemen
Jaccob Slavin, Brady Skjei, Adam Pelech, Marco Scandella, Brett Kulak

Scratches
Gabriel Vilardi (Healthy), Brayden Point (Sore Right Knee Injury), Eemeli Rasanen (Healthy), Jared Spurgeon (Bruised Right Shoulder Injury), Neal Pionk (Strained Left Knee Injury)
Nikita Popugaev (Healthy), Nolan Stevens (Healthy), Rem Pitlick (Healthy), Matt Irwin (Healthy), Tyler Motte (Healthy)
Zach Fischer (Healthy), Alexandar Georgiev (Healthy)

VANCOUVER VOODOO

5 vs 5 Forward 
   Center                   Left Wing                Right Wing               Time % Phy DF OF 
 1 Anze Kopitar             Tyson Jost               Cam Atkinson             33     1   1  3  
 2 Bryan Little             Devin Shore              Andrew Shaw              32     1   2  2  
 3 Joel Eriksson Ek         Leo Komarov              Rocco Grimaldi           27     2   2  1  
 4 Carter Verhaeghe         Noel Acciari             Cam Atkinson             8      1   3  1  

5 vs 5 Defense 
   Defense                  Defense                                           Time % Phy DF OF 
 1 Danny DeKeyser           Shea Theodore                                     35     1   3  1  
 2 Jay Bouwmeester          Michael Matheson                                  32     1   2  2  
 3 Mathew Dumba             Jack Johnson                                      27     2   1  2  
 4 Mathew Dumba             Christian Wolanin                                 6      1   2  2  

PowerPlay Forward 
   Center                   Left Wing                Right Wing               Time % Phy DF OF 
 1 Bryan Little             Tyson Jost               Cam Atkinson             50     0   1  4  
 2 Anze Kopitar             Devin Shore              Andrew Shaw              50     1   1  3  

PowerPlay Defense
   Defense                  Defense                                           Time % Phy DF OF 
 1 Mathew Dumba             Shea Theodore                                     59     1   0  4  
 2 Michael Matheson         Christian Wolanin                                 41     1   2  2  

Penalty Kill 4 Players Forward 
   Center                   Wing                     Time % Phy DF OF 
 1 Anze Kopitar             Rocco Grimaldi           50     1   3  1  
 2 Leo Komarov              Devin Shore              50     2   3  0  

Penalty Kill 4 Players Defense
   Defense                  Defense                  Time % Phy DF OF 
 1 Danny DeKeyser           Michael Matheson         58     1   4  0  
 2 Jay Bouwmeester          Jack Johnson             42     1   2  2  

Penalty Kill - 3 Players Forward 
   Forward                                           Time % Phy DF OF 
 1 Anze Kopitar                                      55     2   2  1  
 2 Noel Acciari                                      45     1   3  1  

Penalty Kill - 3 Players Defense
   Defense                  Defense                  Time % Phy DF OF 
 1 Jay Bouwmeester          Michael Matheson         60     1   4  0  
 2 Jack Johnson             Danny DeKeyser           40     2   1  2  

4 vs 4 Forward 
   Center                   Wing                     Time % Phy DF OF 
 1 Bryan Little             Rocco Grimaldi           50     1   3  1  
 2 Leo Komarov              Noel Acciari             50     2   2  1  

4 vs 4 Defense
   Defense                  Defense                  Time % Phy DF OF 
 1 Shea Theodore            Jay Bouwmeester          50     2   2  1  
 2 Mathew Dumba             Christian Wolanin        50     1   1  3  

Last Minutes Offensive
   Center                   Left Wing                Right Wing               Defense                  Defense                  
   Anze Kopitar             Tyson Jost               Cam Atkinson             Mathew Dumba             Michael Matheson         

Last Minutes Defensive
   Center                   Left Wing                Right Wing               Defense                  Defense                  
   Anze Kopitar             Leo Komarov              Rocco Grimaldi           Danny DeKeyser           Michael Matheson         

Goaltenders
Starting : Carey Price              
Backup : Pheonix Copley           

Extra Forwards
Normal : Bryan Little, Tyson Jost, Leo Komarov - PP : Bryan Little, Rocco Grimaldi - PK : Andrew Shaw
Extra Defensemen
Normal : Mathew Dumba, Christian Wolanin, Jay Bouwmeester - PP : Jack Johnson - PK : Mathew Dumba, Christian Wolanin
Penalty Shots
Anze Kopitar, Andrew Shaw, Cam Atkinson, Bryan Little, Tyson Jost
Custom OT Lines Forwards
Anze Kopitar, Cam Atkinson, Bryan Little, Andrew Shaw, Rocco Grimaldi, Devin Shore, Leo Komarov, Tyson Jost, Noel Acciari, Carter Verhaeghe
Custom OT Lines Defensemen
Michael Matheson, Danny DeKeyser, Shea Theodore, Mathew Dumba, Jack Johnson

Scratches
Nikita Scherbak (Healthy), Sam Bennett (Healthy)

% Time on Ice - SAN JOSE BRONCOS

Lines # - Real PCT - Wanted PCT - Time Play
Normal Forward
1 - 31% - 37% - 14:56
2 - 31% - 32% - 15:00
3 - 25% - 21% - 12:02
4 - 12% - 10% - 5:48
Normal Defense
1 - 36% - 39% - 17:11
2 - 33% - 36% - 15:49
3 - 28% - 25% - 13:31
4 - 3% - 0% - 1:15
PP Forward
1 - 35% - 55% - 1:30
2 - 65% - 45% - 2:48
PP Defense
1 - 49% - 55% - 2:06
2 - 51% - 45% - 2:12
PK Forward
1 - 70% - 55% - 5:31
2 - 30% - 45% - 2:25
PK Defense
1 - 61% - 55% - 4:50
2 - 39% - 45% - 3:06
PK3 Forward
1 - 0% - 55%
2 - 0% - 45%
PK3 Defense
1 - 0% - 50%
2 - 0% - 50%
44 Forward
1 - 0% - 50%
2 - 0% - 50%
44 Defense
1 - 0% - 50%
2 - 0% - 50%
Last Minute Offensive  - 0:00
Last Minute Defensive  - 0:00
Total
Forward - 60:00
Defense - 60:00

% Time on Ice - VANCOUVER VOODOO

Lines # - Real PCT - Wanted PCT - Time Play
Normal Forward
1 - 23% - 33% - 11:11
2 - 31% - 32% - 14:44
3 - 28% - 27% - 13:25
4 - 18% - 8% - 8:26
Normal Defense
1 - 33% - 35% - 15:52
2 - 31% - 32% - 15:01
3 - 27% - 27% - 12:54
4 - 8% - 6% - 3:59
PP Forward
1 - 49% - 50% - 3:53
2 - 51% - 50% - 4:03
PP Defense
1 - 65% - 59% - 5:08
2 - 35% - 41% - 2:48
PK Forward
1 - 29% - 50% - 1:16
2 - 71% - 50% - 3:02
PK Defense
1 - 36% - 58% - 1:32
2 - 64% - 42% - 2:46
PK3 Forward
1 - 0% - 55%
2 - 0% - 45%
PK3 Defense
1 - 0% - 60%
2 - 0% - 40%
44 Forward
1 - 0% - 50%
2 - 0% - 50%
44 Defense
1 - 0% - 50%
2 - 0% - 50%
Last Minute Offensive  - 0:00
Last Minute Defensive  - 0:00
Total
Forward - 60:00
Defense - 60:00

Play-by-Play

1st period


0:01 of 1st period - Anze Kopitar wins face-off versus Evgeni Malkin in neutral zone.
0:17 of 1st period - Alexander Radulov is hit by Danny DeKeyser and loses puck.
0:22 of 1st period - Shot by Dustin Brown.
0:22 of 1st period - Stopped by Carey Price without a rebound.
0:23 of 1st period - Bryan Little wins face-off versus Mikko Koivu in VANCOUVER VOODOO zone.
0:30 of 1st period - Shot by Andrew Shaw.
0:30 of 1st period - Shot Misses the Net.
0:52 of 1st period - Icing by Marco Scandella.
0:53 of 1st period - Joel Eriksson Ek wins face-off versus Oliver Bjorkstrand in SAN JOSE BRONCOS zone.
1:57 of 1st period - Shot by Cam Atkinson.
1:57 of 1st period - Shot Blocked by Marco Scandella.
2:14 of 1st period - Shot by Cam Atkinson.
2:14 of 1st period - Shot Misses the Net.
2:37 of 1st period - Adam Pelech is hit by Anze Kopitar and loses puck.
3:00 of 1st period - Shot by Bryan Little.
3:00 of 1st period - Stopped by Petr Mrazek without a rebound.
3:01 of 1st period - Evgeni Malkin wins face-off versus Bryan Little in SAN JOSE BRONCOS zone.
3:01 of 1st period - Evgeni Malkin is hit by Bryan Little.
4:15 of 1st period - Shot by Joel Eriksson Ek.
4:15 of 1st period - Shot Misses the Net.
4:42 of 1st period - Shot by Mathew Dumba.
4:42 of 1st period - Shot Blocked by Dustin Brown.
5:06 of 1st period - Shot by Cam Atkinson.
5:06 of 1st period - Shot Blocked by Nick Holden.
5:10 of 1st period - Shot by Cam Atkinson.
5:10 of 1st period - Stopped by Petr Mrazek with a rebound.
5:24 of 1st period - Shot by Noel Acciari.
5:24 of 1st period - Stopped by Petr Mrazek without a rebound.
5:25 of 1st period - Anze Kopitar wins face-off versus Carter Rowney in SAN JOSE BRONCOS zone.
5:38 of 1st period - Brett Kulak is hit by Tyson Jost and loses puck.
5:51 of 1st period - Shot by Anze Kopitar.
5:51 of 1st period - Shot Blocked by Brett Kulak.
6:03 of 1st period - Shot by Cam Atkinson.
6:03 of 1st period - Shot Misses the Net.
6:05 of 1st period - Shot by Michael Matheson.
6:05 of 1st period - Shot Misses the Net.
6:27 of 1st period - Shot by Bryan Little.
6:27 of 1st period - Deflect By Devin Shore.
6:27 of 1st period - Stopped by Petr Mrazek without a rebound.
6:28 of 1st period - Nick Bonino wins face-off versus Joel Eriksson Ek in SAN JOSE BRONCOS zone.
6:28 of 1st period - Nick Bonino is hit by Rocco Grimaldi.
6:37 of 1st period - Anthony Beauvillier is hit by Christian Wolanin.
6:47 of 1st period - Shot by Colton Sissons.
6:47 of 1st period - Shot Misses the Net.
7:16 of 1st period - Mikko Koivu is hit by Christian Wolanin and loses puck.
7:22 of 1st period - Icing by Christian Wolanin.
7:23 of 1st period - Joel Eriksson Ek wins face-off versus Evgeni Malkin in VANCOUVER VOODOO zone.
8:00 of 1st period - Icing by Mathew Dumba.
8:01 of 1st period - Joel Eriksson Ek wins face-off versus Nick Bonino in VANCOUVER VOODOO zone.
8:01 of 1st period - Joel Eriksson Ek is hit by Anthony Beauvillier.
8:14 of 1st period - Minor Penalty to Marco Scandella for Slashing.
8:15 of 1st period - Mikko Koivu wins face-off versus Bryan Little in SAN JOSE BRONCOS zone.
9:12 of 1st period - Brett Kulak is hit by Cam Atkinson.
11:08 of 1st period - Shot by Nick Bonino.
11:08 of 1st period - Stopped by Carey Price with a rebound.
12:18 of 1st period - Icing by Danny DeKeyser.
12:19 of 1st period - Joel Eriksson Ek wins face-off versus Evgeni Malkin in VANCOUVER VOODOO zone.
12:50 of 1st period - Shot by Devin Shore.
12:50 of 1st period - Stopped by Petr Mrazek without a rebound.
12:51 of 1st period - Anze Kopitar wins face-off versus Mikko Koivu in SAN JOSE BRONCOS zone.
14:16 of 1st period - Shot by Evgeni Malkin.
14:16 of 1st period - Shot Misses the Net.
14:26 of 1st period - Shot by Bryan Little.
14:26 of 1st period - Shot Blocked by Adam Pelech.
16:11 of 1st period - Shot by Zach Parise.
16:11 of 1st period - Deflect By Mikko Koivu.
16:11 of 1st period - Shot Misses the Net.
16:23 of 1st period - Shot by Zach Parise.
16:23 of 1st period - Stopped by Carey Price with a rebound.
16:25 of 1st period - Shot by Oliver Bjorkstrand.
16:25 of 1st period - Shot Misses the Net.
16:27 of 1st period - Shot by Oliver Bjorkstrand.
16:27 of 1st period - Shot Misses the Net.
16:37 of 1st period - Shot by Evgeni Malkin.
16:37 of 1st period - Shot Misses the Net.
17:36 of 1st period - Cam Atkinson is hit by Jaccob Slavin and loses puck.
17:48 of 1st period - Icing by Jaccob Slavin.
17:49 of 1st period - Joel Eriksson Ek wins face-off versus Nick Bonino in SAN JOSE BRONCOS zone.
17:49 of 1st period - Minor Penalty to Brady Skjei for Holding.
17:50 of 1st period - Mikko Koivu wins face-off versus Rocco Grimaldi in SAN JOSE BRONCOS zone.
18:49 of 1st period - Shot by Anze Kopitar.
18:49 of 1st period - Stopped by Petr Mrazek without a rebound.
18:50 of 1st period - Anze Kopitar wins face-off versus Nick Bonino in SAN JOSE BRONCOS zone.
19:40 of 1st period - Shot by Bryan Little.
19:40 of 1st period - Shot Misses the Net.
19:42 of 1st period - Shot by Bryan Little.
19:42 of 1st period - Shot Blocked by Jordan Weal.
19:44 of 1st period - Shot by Michael Matheson.
19:44 of 1st period - Stopped by Petr Mrazek without a rebound.
19:45 of 1st period - Mikko Koivu wins face-off versus Bryan Little in SAN JOSE BRONCOS zone.
Goals for this period are 0 for SAN JOSE BRONCOS vs 0 for VANCOUVER VOODOO.
Shots for this period are 3 for SAN JOSE BRONCOS vs 7 for VANCOUVER VOODOO.

2nd period


0:01 of 2nd period - Mikko Koivu wins face-off versus Cam Atkinson in neutral zone.
0:24 of 2nd period - Shot by Tyson Jost.
0:24 of 2nd period - Deflect By Anze Kopitar.
0:24 of 2nd period - Stopped by Petr Mrazek without a rebound.
0:25 of 2nd period - Evgeni Malkin wins face-off versus Bryan Little in SAN JOSE BRONCOS zone.
0:34 of 2nd period - Shot by Dustin Brown.
0:34 of 2nd period - Shot Misses the Net.
0:37 of 2nd period - Icing by Mathew Dumba.
0:38 of 2nd period - Nick Bonino wins face-off versus Bryan Little in VANCOUVER VOODOO zone.
0:55 of 2nd period - Shot by Colton Sissons.
0:55 of 2nd period - Shot Misses the Net.
0:59 of 2nd period - Shot by Nick Bonino.
0:59 of 2nd period - Shot Blocked by Jack Johnson.
1:11 of 2nd period - Devin Shore is hit by Anthony Beauvillier and loses puck.
1:16 of 2nd period - Shot by Nick Bonino.
1:16 of 2nd period - Shot Misses the Net.
1:42 of 2nd period - Jack Johnson is hit by Alexander Radulov and loses puck.
2:05 of 2nd period - Shot by Evgeni Malkin.
2:05 of 2nd period - Stopped by Carey Price without a rebound.
2:06 of 2nd period - Mikko Koivu wins face-off versus Anze Kopitar in VANCOUVER VOODOO zone.
2:21 of 2nd period - Shot by Zach Parise.
2:21 of 2nd period - Shot Misses the Net.
3:15 of 2nd period - Shot by Evgeni Malkin.
3:15 of 2nd period - Stopped by Carey Price with a rebound.
3:40 of 2nd period - Evgeni Malkin is hit by Jay Bouwmeester and loses puck.
3:48 of 2nd period - Evgeni Malkin is hit by Michael Matheson and loses puck.
3:50 of 2nd period - Minor Penalty to Jay Bouwmeester for Hooking.
3:51 of 2nd period - Evgeni Malkin wins face-off versus Anze Kopitar in VANCOUVER VOODOO zone.
4:08 of 2nd period - Shot by Alexander Radulov.
4:08 of 2nd period - Shot Blocked by Michael Matheson.
4:36 of 2nd period - Shot by Anze Kopitar.
4:36 of 2nd period - Stopped by Petr Mrazek without a rebound.
4:37 of 2nd period - Mikko Koivu wins face-off versus Leo Komarov in SAN JOSE BRONCOS zone.
5:16 of 2nd period - Shot by Evgeni Malkin.
5:16 of 2nd period - Deflect By Zach Parise.
5:16 of 2nd period - Shot Blocked by Mathew Dumba.
5:18 of 2nd period - Shot by Jaccob Slavin.
5:18 of 2nd period - Stopped by Carey Price with a rebound.
6:04 of 2nd period - Shot by Anthony Beauvillier.
6:04 of 2nd period - Shot Hit the Post.
7:05 of 2nd period - Carter Rowney is hit by Tyson Jost.
7:18 of 2nd period - Icing by Marco Scandella.
7:19 of 2nd period - Bryan Little wins face-off versus Carter Rowney in SAN JOSE BRONCOS zone.
7:26 of 2nd period - Shot by Andrew Shaw.
7:26 of 2nd period - Stopped by Petr Mrazek without a rebound.
7:27 of 2nd period - Mikko Koivu wins face-off versus Bryan Little in SAN JOSE BRONCOS zone.
7:38 of 2nd period - Shot by Devin Shore.
7:38 of 2nd period - Deflect By Bryan Little.
7:38 of 2nd period - Stopped by Petr Mrazek with a rebound.
7:44 of 2nd period - Andrew Shaw is hit by Oliver Bjorkstrand.
8:30 of 2nd period - Evgeni Malkin is hit by Jay Bouwmeester and loses puck.
8:37 of 2nd period - Shot by Dustin Brown.
8:37 of 2nd period - Deflect By Evgeni Malkin.
8:37 of 2nd period - Stopped by Carey Price without a rebound.
8:38 of 2nd period - Nick Bonino wins face-off versus Joel Eriksson Ek in VANCOUVER VOODOO zone.
9:07 of 2nd period - Shot by Rocco Grimaldi.
9:07 of 2nd period - Shot Misses the Net.
9:09 of 2nd period - Shot by Rocco Grimaldi.
9:09 of 2nd period - Stopped by Petr Mrazek without a rebound.
9:10 of 2nd period - Carter Verhaeghe wins face-off versus Dustin Brown in SAN JOSE BRONCOS zone.
10:17 of 2nd period - Shot by Mikko Koivu.
10:17 of 2nd period - Stopped by Carey Price without a rebound.
10:18 of 2nd period - Nick Bonino wins face-off versus Joel Eriksson Ek in VANCOUVER VOODOO zone.
11:33 of 2nd period - Shot by Bryan Little.
11:33 of 2nd period - Stopped by Petr Mrazek without a rebound.
11:34 of 2nd period - Anze Kopitar wins face-off versus Evgeni Malkin in SAN JOSE BRONCOS zone.
11:34 of 2nd period - Anze Kopitar is hit by Brady Skjei.
11:40 of 2nd period - Shot by Cam Atkinson.
11:40 of 2nd period - Deflect By Anze Kopitar.
11:40 of 2nd period - Shot Misses the Net.
11:42 of 2nd period - Shot by Cam Atkinson.
11:42 of 2nd period - Shot Misses the Net.
11:50 of 2nd period - Shot by Cam Atkinson.
11:50 of 2nd period - Stopped by Petr Mrazek without a rebound.
11:51 of 2nd period - Bryan Little wins face-off versus Jesper Bratt in SAN JOSE BRONCOS zone.
12:19 of 2nd period - Shot by Jordan Weal.
12:19 of 2nd period - Shot Misses the Net.
12:21 of 2nd period - Shot by Jesper Bratt.
12:21 of 2nd period - Shot Blocked by Michael Matheson.
12:23 of 2nd period - Shot by Jaccob Slavin.
12:23 of 2nd period - Shot Blocked by Jay Bouwmeester.
12:25 of 2nd period - Shot by Carter Rowney.
12:25 of 2nd period - Shot Misses the Net.
12:37 of 2nd period - Icing by Jaccob Slavin.
12:38 of 2nd period - Anze Kopitar wins face-off versus Jesper Bratt in SAN JOSE BRONCOS zone.
13:35 of 2nd period - Shot by Leo Komarov.
13:35 of 2nd period - Stopped by Petr Mrazek without a rebound.
13:36 of 2nd period - Joel Eriksson Ek wins face-off versus Evgeni Malkin in SAN JOSE BRONCOS zone.
13:43 of 2nd period - Shot by Leo Komarov.
13:43 of 2nd period - Shot Misses the Net.
13:48 of 2nd period - Rocco Grimaldi is hit by Adam Pelech and loses puck.
13:58 of 2nd period - Rocco Grimaldi is hit by Marco Scandella and loses puck.
14:09 of 2nd period - Shot by Rocco Grimaldi.
14:09 of 2nd period - Stopped by Petr Mrazek without a rebound.
14:10 of 2nd period - Mikko Koivu wins face-off versus Bryan Little in SAN JOSE BRONCOS zone.
14:14 of 2nd period - Off-side.
14:15 of 2nd period - Devin Shore wins face-off versus Mikko Koivu in neutral zone.
14:23 of 2nd period - Minor Penalty to Devin Shore for Hooking.
14:24 of 2nd period - Evgeni Malkin wins face-off versus Leo Komarov in VANCOUVER VOODOO zone.
14:43 of 2nd period - Shot by Alexander Radulov.
14:43 of 2nd period - Goal by Alexander Radulov - SAN JOSE BRONCOS : 1 - VANCOUVER VOODOO : 0.
14:44 of 2nd period - Nick Bonino wins face-off versus Anze Kopitar in neutral zone.
15:16 of 2nd period - Colton Sissons is hit by Jack Johnson and loses puck.
15:21 of 2nd period - Shot by Anthony Beauvillier.
15:21 of 2nd period - Shot Hit the Post.
15:23 of 2nd period - Shot by Nick Bonino.
15:23 of 2nd period - Shot Blocked by Mathew Dumba.
15:25 of 2nd period - Shot by Colton Sissons.
15:25 of 2nd period - Stopped by Carey Price without a rebound.
15:26 of 2nd period - Bryan Little wins face-off versus Evgeni Malkin in VANCOUVER VOODOO zone.
15:37 of 2nd period - Devin Shore is hit by Evgeni Malkin and loses puck.
15:56 of 2nd period - Shot by Dustin Brown.
15:56 of 2nd period - Stopped by Carey Price without a rebound.
15:57 of 2nd period - Mikko Koivu wins face-off versus Joel Eriksson Ek in VANCOUVER VOODOO zone.
16:12 of 2nd period - Shot by Rocco Grimaldi.
16:12 of 2nd period - Stopped by Petr Mrazek without a rebound.
16:13 of 2nd period - Anze Kopitar wins face-off versus Nick Bonino in SAN JOSE BRONCOS zone.
16:20 of 2nd period - Shot by Anze Kopitar.
16:20 of 2nd period - Shot Hit the Post.
17:47 of 2nd period - Devin Shore is hit by Brady Skjei and loses puck.
18:31 of 2nd period - Minor Penalty to Jaccob Slavin for Holding.
18:32 of 2nd period - Anze Kopitar wins face-off versus Nick Bonino in SAN JOSE BRONCOS zone.
18:35 of 2nd period - Shot by Anze Kopitar.
18:35 of 2nd period - Shot Blocked by Jordan Weal.
18:37 of 2nd period - Shot by Michael Matheson.
18:37 of 2nd period - Shot Blocked by Marco Scandella.
18:43 of 2nd period - Shot by Andrew Shaw.
18:43 of 2nd period - Shot Misses the Net.
18:53 of 2nd period - Shot by Anze Kopitar.
18:53 of 2nd period - Shot Misses the Net.
18:55 of 2nd period - Shot by Andrew Shaw.
18:55 of 2nd period - Stopped by Petr Mrazek without a rebound.
18:56 of 2nd period - Nick Bonino wins face-off versus Bryan Little in SAN JOSE BRONCOS zone.
19:02 of 2nd period - Icing by Mathew Dumba.
19:03 of 2nd period - Mikko Koivu wins face-off versus Bryan Little in VANCOUVER VOODOO zone.
Goals for this period are 1 for SAN JOSE BRONCOS vs 0 for VANCOUVER VOODOO.
Shots for this period are 8 for SAN JOSE BRONCOS vs 11 for VANCOUVER VOODOO.

3rd period


0:01 of 3rd period - Mikko Koivu wins face-off versus Anze Kopitar in neutral zone.
0:52 of 3rd period - Shot by Colton Sissons.
0:52 of 3rd period - Deflect By Anthony Beauvillier.
0:52 of 3rd period - Goal by Anthony Beauvillier - SAN JOSE BRONCOS : 2 - VANCOUVER VOODOO : 0.
0:53 of 3rd period - Evgeni Malkin wins face-off versus Carter Verhaeghe in neutral zone.
1:16 of 3rd period - Shot by Mathew Dumba.
1:16 of 3rd period - Shot Misses the Net.
1:18 of 3rd period - Shot by Jack Johnson.
1:18 of 3rd period - Shot Misses the Net.
1:20 of 3rd period - Shot by Cam Atkinson.
1:20 of 3rd period - Stopped by Petr Mrazek without a rebound.
1:21 of 3rd period - Mikko Koivu wins face-off versus Bryan Little in SAN JOSE BRONCOS zone.
1:21 of 3rd period - Mikko Koivu is hit by Andrew Shaw.
1:22 of 3rd period - Mikko Koivu from SAN JOSE BRONCOS is injured at 1:22 of 3rd period (Bruised Right Shoulder).
1:23 of 3rd period - Bryan Little wins face-off versus Jordan Weal in SAN JOSE BRONCOS zone.
1:34 of 3rd period - Shot by Andrew Shaw.
1:34 of 3rd period - Shot Misses the Net.
1:36 of 3rd period - Shot by Shea Theodore.
1:36 of 3rd period - Stopped by Petr Mrazek with a rebound.
2:45 of 3rd period - Shot by Anze Kopitar.
2:45 of 3rd period - Shot Misses the Net.
3:16 of 3rd period - Shot by Joel Eriksson Ek.
3:16 of 3rd period - Shot Misses the Net.
3:55 of 3rd period - Shot by Dustin Brown.
3:55 of 3rd period - Shot Misses the Net.
3:57 of 3rd period - Shot by Dustin Brown.
3:57 of 3rd period - Stopped by Carey Price without a rebound.
3:58 of 3rd period - Andrew Shaw wins face-off versus Nick Bonino in VANCOUVER VOODOO zone.
3:58 of 3rd period - Andrew Shaw is hit by Colton Sissons.
3:59 of 3rd period - Andrew Shaw from VANCOUVER VOODOO is injured at 3:59 of 3rd period (Bruised Left Leg).
4:00 of 3rd period - Bryan Little wins face-off versus Evgeni Malkin in VANCOUVER VOODOO zone.
4:31 of 3rd period - Shot by Evgeni Malkin.
4:31 of 3rd period - Stopped by Carey Price without a rebound.
4:32 of 3rd period - Nick Bonino wins face-off versus Carter Verhaeghe in VANCOUVER VOODOO zone.
4:39 of 3rd period - Icing by Jay Bouwmeester.
4:40 of 3rd period - Nick Bonino wins face-off versus Carter Verhaeghe in VANCOUVER VOODOO zone.
5:02 of 3rd period - Anthony Beauvillier is hit by Jay Bouwmeester and loses puck.
5:08 of 3rd period - Cam Atkinson is hit by Colton Sissons and loses puck.
5:25 of 3rd period - Minor Penalty to Nick Holden for High sticking.
5:26 of 3rd period - Anze Kopitar wins face-off versus Carter Rowney in SAN JOSE BRONCOS zone.
5:44 of 3rd period - Devin Shore is hit by Adam Pelech and loses puck.
5:49 of 3rd period - Shot by Anze Kopitar.
5:49 of 3rd period - Shot Misses the Net.
6:28 of 3rd period - Rocco Grimaldi is hit by Marco Scandella.
6:42 of 3rd period - Shot by Cam Atkinson.
6:42 of 3rd period - Shot Misses the Net.
8:34 of 3rd period - Icing by Mathew Dumba.
8:35 of 3rd period - Evgeni Malkin wins face-off versus Joel Eriksson Ek in VANCOUVER VOODOO zone.
8:52 of 3rd period - Evgeni Malkin is hit by Bryan Little.
9:08 of 3rd period - Shot by Bryan Little.
9:08 of 3rd period - Shot Misses the Net.
9:10 of 3rd period - Shot by Shea Theodore.
9:10 of 3rd period - Shot Misses the Net.
9:18 of 3rd period - Shot by Tyson Jost.
9:18 of 3rd period - Stopped by Petr Mrazek without a rebound.
9:19 of 3rd period - Carter Verhaeghe wins face-off versus Jordan Weal in SAN JOSE BRONCOS zone.
10:33 of 3rd period - Shot by Danny DeKeyser.
10:33 of 3rd period - Shot Blocked by Alexander Radulov.
10:36 of 3rd period - Icing by Alexander Radulov.
10:37 of 3rd period - Evgeni Malkin wins face-off versus Joel Eriksson Ek in SAN JOSE BRONCOS zone.
11:14 of 3rd period - Shot by Joel Eriksson Ek.
11:14 of 3rd period - Shot Misses the Net.
11:31 of 3rd period - Icing by Devin Shore.
11:32 of 3rd period - Jordan Weal wins face-off versus Bryan Little in VANCOUVER VOODOO zone.
11:35 of 3rd period - Shot by Zach Parise.
11:35 of 3rd period - Goal by Zach Parise - SAN JOSE BRONCOS : 3 - VANCOUVER VOODOO : 0.
11:36 of 3rd period - Anze Kopitar wins face-off versus Jordan Weal in neutral zone.
12:37 of 3rd period - Minor Penalty to Leo Komarov for Roughing.
12:38 of 3rd period - Anze Kopitar wins face-off versus Evgeni Malkin in VANCOUVER VOODOO zone.
12:48 of 3rd period - Off-side.
12:49 of 3rd period - Anze Kopitar wins face-off versus Evgeni Malkin in neutral zone.
13:50 of 3rd period - Shot by Anthony Beauvillier.
13:50 of 3rd period - Stopped by Carey Price without a rebound.
13:51 of 3rd period - Evgeni Malkin wins face-off versus Anze Kopitar in VANCOUVER VOODOO zone.
14:06 of 3rd period - Shot by Dustin Brown.
14:06 of 3rd period - Shot Misses the Net.
14:22 of 3rd period - Icing by Evgeni Malkin.
14:23 of 3rd period - Anze Kopitar wins face-off versus Dustin Brown in SAN JOSE BRONCOS zone.
15:06 of 3rd period - Icing by Mathew Dumba.
15:07 of 3rd period - Carter Verhaeghe wins face-off versus Jesper Bratt in VANCOUVER VOODOO zone.
15:21 of 3rd period - Jaccob Slavin is hit by Mathew Dumba and loses puck.
16:07 of 3rd period - Rocco Grimaldi is hit by Anthony Beauvillier and loses puck.
16:26 of 3rd period - Icing by Danny DeKeyser.
16:27 of 3rd period - Joel Eriksson Ek wins face-off versus Evgeni Malkin in VANCOUVER VOODOO zone.
16:27 of 3rd period - Rocco Grimaldi is hit by Dustin Brown and loses puck.
17:07 of 3rd period - Shot by Bryan Little.
17:07 of 3rd period - Shot Misses the Net.
17:09 of 3rd period - Shot by Michael Matheson.
17:09 of 3rd period - Shot Misses the Net.
17:19 of 3rd period - Devin Shore is hit by Brady Skjei and loses puck.
18:07 of 3rd period - Shot by Zach Parise.
18:07 of 3rd period - Stopped by Carey Price without a rebound.
18:08 of 3rd period - Nick Bonino wins face-off versus Joel Eriksson Ek in VANCOUVER VOODOO zone.
18:08 of 3rd period - Nick Bonino is hit by Shea Theodore.
18:28 of 3rd period - Shot by Anthony Beauvillier.
18:28 of 3rd period - Shot Blocked by Shea Theodore.
18:42 of 3rd period - Shot by Leo Komarov.
18:42 of 3rd period - Stopped by Petr Mrazek without a rebound.
18:43 of 3rd period - Jordan Weal wins face-off versus Devin Shore in SAN JOSE BRONCOS zone.
18:55 of 3rd period - Zach Parise is hit by Michael Matheson and loses puck.
19:25 of 3rd period - Shot by Bryan Little.
19:25 of 3rd period - Shot Misses the Net.
Goals for this period are 2 for SAN JOSE BRONCOS vs 0 for VANCOUVER VOODOO.
Shots for this period are 6 for SAN JOSE BRONCOS vs 4 for VANCOUVER VOODOO.


NATHAN
MACKINNON
PHILLIP
DANAULT
CONNOR
MCDAVID

EAST COAST

HOCKEY LEAGUE

  • 25.QUE4CHI5
  • 26.CHA2LIM3
  • 27.TRV2LON3
  • 28.CHW4BAL2
  • 29.PITMAN
  • 30.ATLNHW
  • 31.WORPET
  • 32.RHI